 Dungeon Crawl Stone Soup version 0.31-a0-836-g3ceb0a68c4 (webtiles) character file.

Game seed: 6453626931765517485

196818 bjtr the Thaumaturge (level 18, -5/95 HPs)
             Began as a Vine Stalker Enchanter on Sept 19, 2023.
             Was the Champion of Vehumet.
             Slain by the 27-headed Lernaean hydra (7 damage)
             ... on level 4 of the Swamp on Sept 27, 2023.
             The game lasted 04:39:47 (35465 turns).

bjtr the Thaumaturge (Vine Stalker Enchanter)      Turns: 35465, Time: 04:39:50

Health: -5/95      AC: 30    Str: 20    XL:     18   Next: 83%
Magic:  0/42       EV:  9    Int: 25    God:    Vehumet [******]
Gold:   1430       SH: 18    Dex: 16    Spells: 2/45 levels left

rFire   + + .        a - +9 quick blade (flame)
rCold   + . .        u - +0 kite shield
rNeg    . . .        x - +5 chain mail of the Ancient Seers {Regen+ rCorr Str+2}
rPois   +            j - +2 helmet
rElec   .            Q - scarf {rC+ rF+}
rCorr   +            e - +1 pair of gloves of Honour {Str+3}
SInv    .            g - +2 pair of boots {Stlth+}
Will    ++...        q - amulet of Wuniwkuy {Reflect Int+5 SH+5}
Stlth   +++          S - ring of Migeskusk {rF+ MP+9 AC+4}
HPRegen 1.95/turn    y - ring of poison resistance
MPRegen 0.28/turn

%: reflection, guardian spirit
@: hasted, studying Shields, very quick
A: fangs 3, regeneration 1, magic shield, antimagic bite, no potion heal 2, low
MP 1, robust 1, strong 1, wild magic 1, evolution 1
a: Renounce Religion


You were on level 4 of the Swamp.
You worshipped Vehumet.
Vehumet was exalted by your worship.
You visited 6 branches of the dungeon, and saw 28 of its levels.
You also visited: Bailey and Volcano.

You collected 3014 gold pieces.
You spent 1584 gold pieces at shops.

Inventory:

Hand Weapons
 a - a +9 quick blade of flaming (weapon)
 E - a +0 demon blade of flaming
 I - a +5 demon whip
 J - a +4 demon whip of flaming
Missiles
 l - 4 datura-tipped darts
 B - 29 poisoned darts (quivered)
 H - 10 throwing nets
 N - 10 javelins
 V - 3 curare-tipped darts
Armour
 e - the +1 pair of gloves of Honour (worn) {Str+3}
   (You found it on level 4 of the Dungeon)

   Str+3:     It affects your strength (+3).
 g - a +2 pair of boots of stealth (worn)
 j - a +2 helmet (worn)
 u - a +0 kite shield (worn)
 x - the +5 chain mail of the Ancient Seers (worn) {Regen+ rCorr Str+2}
   (You found it on level 2 of the Dungeon)

   Str+2:     It affects your strength (+2).
   Regen+:    It increases your rate of health regeneration.
   rCorr:     It protects you from acid and corrosion.
 Q - a scarf of resistance (worn)
Magical Staves
 b - a staff of conjuration
Jewellery
 i - a ring of flight
 q - the amulet of Wuniwkuy (around neck) {Reflect Int+5 SH+5}
   (You took it off an orc on level 13 of the Dungeon)

   [amulet of reflection]

   Reflect:   It reflects blocked missile attacks.
   Int+5:     It affects your intelligence (+5).
   SH+5:      It affects your SH (+5).
 y - a ring of poison resistance (right hand)
 L - the amulet "Zyatatt" {Acrobat Rampage Will+ Stlth+}
   (You found it on level 3 of the Swamp)

   [amulet of the acrobat]

   Acrobat:   It increases your evasion while moving and waiting.
   Will+:     It increases your willpower.
   Rampage:   It bestows one free step when moving towards enemies.
   Stlth+:    It makes you more stealthy.
 R - a ring of see invisible
 S - the ring of Migeskusk (left hand) {rF+ MP+9 AC+4}
   (You found it on level 4 of the Lair of Beasts)

   [ring of protection]

   AC+4:      It affects your AC (+4).
   rF+:       It protects you from fire.
   MP+9:      It affects your magic capacity (+9).
Talismans
 w - a blade talisman
Wands
 f - a wand of quicksilver (21)
 h - a wand of flame (9)
 n - a wand of paralysis (6)
 D - a wand of digging (12)
 G - a wand of roots (66)
 T - a wand of mindburst (14)
Scrolls
 p - 16 scrolls of teleportation
 s - 2 scrolls of poison
 t - 4 scrolls of fog
 z - a scroll of revelation
 F - 7 scrolls of immolation
 M - 4 scrolls of butterflies
 O - 9 scrolls of vulnerability
 W - 3 scrolls of torment
 Z - 8 scrolls of identify
Potions
 c - 6 potions of invisibility
 d - 9 potions of brilliance
 m - a potion of might
 o - 7 potions of enlightenment
 r - 8 potions of curing
 v - 3 potions of haste
 A - 2 potions of attraction
 C - a potion of mutation
 X - 4 potions of resistance
 Y - 3 potions of ambrosia
Miscellaneous
 P - a sack of spiders
 U - a tin of tremorstones (2/2)


   Skills:
 * Level 6.6 Fighting
 * Level 12.0 Short Blades
 + Level 11.2 Armour
 - Level 4.0 Dodging
 - Level 10.8 Stealth
 + Level 13.7 Shields
 + Level 14.1 Spellcasting
 * Level 13.5 Conjurations
 + Level 9.4 Hexes
 + Level 0.2 Fire Magic
 + Level 2.5 Earth Magic


You had 2 spell levels left.
You knew the following spells:

 Your Spells              Type           Power      Damage    Failure   Level
a - Confusing Touch       Hex            71%        N/A       3%          3
b - Tukima's Dance        Hex            71%        N/A       3%          3
c - Sandblast             Erth           78%        2d17      4%          1
d - Stone Arrow           Conj/Erth      100%       3d13      1%          3
e - Dazzling Flash        Conj/Hex       100%       N/A       1%          3
f - Passwall              Tmut/Erth      25%        N/A       34%         2
g - Fulminant Prism       Conj/Hex       39%        3d17      1%          4
h - Ignite Poison         Fire/Tmut/Pois 23%        N/A       26%         3
i - Irradiate             Conj/Tmut      30%        3d21      16%         5
j - Freezing Cloud        Conj/Ice/Air   25%        6-21      36%         5
k - Spellforged Servitor  Conj/Summ      30%        N/A       98%         7
l - Flame Wave            Conj/Fire      61%        2d14      7%          4

Your spell library contained the following spells:

 Spells                   Type           Power      Damage    Failure   Level
 Orb of Destruction       Conj           42%        9d12      28%         7
 Foxfire                  Conj/Fire      100%       2x1d9     1%          1
 Magic Dart               Conj           100%       1d8       1%          1
 Momentum Strike          Conj/Tloc      100%       3d10      1%          2
 Searing Ray              Conj           100%       2d8       1%          2
 Ensorcelled Hibernation  Hex/Ice        100%       N/A       10%         2
 Freeze                   Ice            88%        1d9       11%         1
 Scorch                   Fire           48%        2d7       13%         2
 Blink                    Tloc           44%        N/A       47%         2
 Cigotuvi's Dreadful Rot  Necr/Pois/Air  44%        N/A       47%         2
 Lesser Beckoning         Tloc           44%        N/A       47%         2
 Hailstorm                Conj/Ice       61%        3d13      2%          3
 Brom's Barrelling Bould  Conj/Erth      66%        2d8       4%          4
 Frozen Ramparts          Ice            44%        1d7       26%         3
 Starburst                Conj/Fire      30%        6d9       58%         6
 Gell's Gravitas          Tloc           22%        N/A       71%         3
 Teleport Other           Tloc           22%        N/A       71%         3
 Metabolic Englaciation   Hex/Ice        26%        N/A       82%         5
 Summon Mana Viper        Hex/Summ       52%        N/A       82%         5
 Animate Armour           Summ/Erth      62%        N/A       90%         4
 Petrify                  Tmut/Erth      31%        N/A       90%         4
 Dispel Undead            Necr           22%        3d12      97%         4
 Manifold Assault         Tloc           22%        N/A       97%         4
 Borgnjor's Vile Clutch   Necr/Erth      15%        N/A       99%         5
 Alistair's Intoxication  Tmut/Pois      14%        N/A       100%        5
 Summon Forest            Summ/Tloc      11%        N/A       100%        5
 Death Channel            Necr           11%        N/A       100%        6
 Dispersal                Tloc           11%        N/A       100%        6
 Eringya's Noxious Bog    Tmut/Pois      11%        4d6       100%        6
 Plasma Beam              Fire/Air       11%        2x1d22    100%        6
 Summon Cactus Giant      Summ           11%        N/A       100%        6
 Disjunction              Tloc           11%        N/A       100%        8
 Lehudib's Crystal Spear  Conj/Erth      33%        10d8      100%        8


Dungeon Overview and Level Annotations

Branches:
Dungeon (15/15)            Temple (1/1) D:5            Lair (5/5) D:8
  Swamp (4/4) Lair:3       Spider (0/4) Lair:2        Slime (0/5) Lair:4
    Orc (2/2) D:10            Elf (0/3) Orc:2        Vaults (0/5) D:13
 Depths (1/4) D:15         Bailey (visited)         Volcano (visited)

Altars:
Ashenzari
Cheibriados
Dithmenos
Elyvilon
Fedhas
Gozag
Hepliaklqana
Kikubaaqudgha
Makhleb
Nemelex Xobeh
Okawaru
Qazlal
Ru
Sif Muna
Trog
Uskayaw
Vehumet
Wu Jian
Xom
Yredelemnul
Zin
The Shining One
Jiyva

Shops:
D:2 (   D:8 [   D:13 *   D:15 ::   Orc:2 (??=

Portals:
Hell: Depths:1

Annotations:
Swamp:4 Lernaean hydra
Depths:1 1 runed translucent door


Innate Abilities, Weirdness & Mutations

You have razor-sharp teeth.
Your natural rate of healing is unusually fast.
When hurt, damage is shared between your health and your magic reserves.
Your bite disrupts and absorbs the magic of your enemies.
Potions cannot restore your health.
Your magical capacity is low. (-10% MP)
You are robust. (+10% HP)
Your muscles are strong. (Str +4, Int/Dex -1)
Your spells are a little harder to cast, but a little more powerful.
You have hidden genetic potential.


Message History

The 27-headed Lernaean hydra closely misses you.
You block the 27-headed Lernaean hydra's attack.
The 27-headed Lernaean hydra closely misses you. x2
The 27-headed Lernaean hydra bites you but does no damage.
The 27-headed Lernaean hydra barely misses you.
You block the 27-headed Lernaean hydra's attack.
The 27-headed Lernaean hydra bites you but does no damage.
The 27-headed Lernaean hydra closely misses you. x2
The 27-headed Lernaean hydra bites you but does no damage.
The 27-headed Lernaean hydra bites you.
* * * LOW HITPOINT WARNING * * *
The 27-headed Lernaean hydra barely misses you.
You block the 27-headed Lernaean hydra's attack.
The 27-headed Lernaean hydra bites you but does no damage. x3
Unknown command.
You feel yourself speed up. The 27-headed Lernaean hydra bites you.
* * * LOW HITPOINT WARNING * * *
The 27-headed Lernaean hydra barely misses you.
The 27-headed Lernaean hydra bites you.
* * * LOW HITPOINT WARNING * * *
The 27-headed Lernaean hydra bites you.
* * * LOW HITPOINT WARNING * * *
You block the 27-headed Lernaean hydra's attack. x2
The 27-headed Lernaean hydra bites you but does no damage.
The 27-headed Lernaean hydra bites you.
* * * LOW HITPOINT WARNING * * *
The 27-headed Lernaean hydra bites you but does no damage. x2
The 27-headed Lernaean hydra bites you.
* * * LOW HITPOINT WARNING * * *
The 27-headed Lernaean hydra bites you but does no damage.
The 27-headed Lernaean hydra barely misses you.
The 27-headed Lernaean hydra bites you!
* * * LOW HITPOINT WARNING * * *
The 27-headed Lernaean hydra barely misses you.
The 27-headed Lernaean hydra bites you.
* * * LOW HITPOINT WARNING * * *
You block the 27-headed Lernaean hydra's attack.
The 27-headed Lernaean hydra bites you but does no damage.
The 27-headed Lernaean hydra bites you!
You die...

.~~~~.~~~~..♣.~~~♣♣♣~.~~
~~~..~~~§~..~~~~~♣♣~~~~
♣♣.~†~~~°.~.~♣♣~.~~~~
♣♣.~~D..°°~♣ ♣♣.~~~~
♣♣♣~~~~§.♣♣♣♣♣ ♣♣~..~
♣~~.k~~~§♣ ♣~~.. ♣~~..~~~♣♣♣
♣.~~~ ~♣♣♣~~.~~.D♣~♣ ♣.~~.
~~♣§~♣~...@.♣ ♣♣♣♣~~~.
~~~.~~§..~~.♣♣♣♣ ♣♣~..~~~~
%~~~~~~~.♣♣♣♣.~~♣♣♣[~~~~.~~
♣~..~~~..♣♣♣♣♣....~~~~~..♣~
♣♣♣♣♣~.~~~♣♣♣~~~~~~~~~~~~.♣~.
♣...~~.~~~♣ ♣.~~~~~~~~.[♣♣~~~
♣.~~~♣♣~~.♣ ♣.~~~~~~.♣♣♣♣~~~
♣~.~.♣♣~†.♣♣ ♣~~~..§.♣♣ ♣~~~
♣.~~~.♣♣.~.♣♣♣♣~<..~.~♣ ♣~~.


You could see the 27-headed Lernaean hydra, a four-headed hydra (fleeing) and a
swamp drake (fleeing).

Vanquished Creatures
  Jorgrun (Orc:2)
  2 thorn hunters (Swamp:2)
  The ghost of Kurtz the Impaler, an adept OpFi of Gozag (Swamp:1)
  The ghost of Pooter the Severer, an adept MiBe of Trog (D:13)
  A fenstrider witch (Swamp:2)
  A frost giant (Depths:1)
  3 ghouls (Swamp:1)
  A vampire knight (Depths:1)
  9 bunyips
  3 eleionomae
  2 spark wasps (Depths:1)
  Snorg (Lair:5)
  2 ettins (Depths:1)
  3 fire dragons
  Josephine (Lair:4)
  3 entropy weavers (Lair:3)
  2 shambling mangroves
  8 vault guards (D:13)
  Fannar (D:10)
  3 spriggan zombies (Depths:1)
  An anaconda (Swamp:2)
  A catoblepas (Lair:4)
  15 hydras
  4 ice dragons
  7 alligators
  2 death knights (D:14)
  4 boulder beetles
  2 centaur warriors
  5 two-headed ogres
  5 ghost crabs
  3 tengu warriors
  13 death yaks
  3 orc high priests
  Urug (Lair:2)
  7 hell knights
  A dancing weapon (Swamp:1)
  6 fire crabs (Lair:3)
  7 spriggans
  3 skeletal warriors
  A spectral catoblepas (Lair:3)
  The ghost of Age the Thrower, a novice MiFi of Gozag (D:9)
  A spark wasp zombie (Depths:1)
  11 swamp dragons
  A skyshark (Lair:3)
  6 goliath frogs
  4 bog bodies
  Lodul (D:11)
  A spriggan druid (Swamp:2)
  13 orc knights
  A lindwurm (Lair:4)
  Pikel (D:7)
  A wizard (Depths:1)
  4 ugly things
  3 deep elf pyromancers
  8 cyclopes
  An orc sorcerer (Orc:2)
  4 necromancers (Depths:1)
  A wolf spider (Lair:5)
  3 manticores (D:11)
  5 will-o-the-wisps
  11 elephants
  A guardian serpent (Lair:5)
  An apocalypse crab (Lair:3)
  10 black mambas
  A smoke demon (Volcano)
  14 cane toads
  A torpor snail (Lair:3)
  10 komodo dragons
  3 rime drakes
  A gargoyle (D:12)
  3 yaktaurs (D:15)
  A kobold demonologist (D:10)
  2 tengu conjurers (D:15)
  A freezing wraith (D:14)
  3 meliai (D:15)
  3 red devils (Volcano)
  8 trolls
  2 bloated husks
  17 hornets
  4 dream sheep (Lair:4)
  4 blink frogs (Lair:1)
  7 tyrant leeches
  A spectral black mamba (Lair:3)
  A fire giant simulacrum (Depths:1)
  A spectral elephant (Lair:3)
  12 slime creatures
  A shadow (D:13)
  A culicivora (shapeshifter) (D:14)
  7 wraiths
  3 culicivoras (Lair:2)
  15 wyverns
  43 yaks
  2 vampires
  A spriggan skeleton (Depths:1)
  2 fire bats (Lair:3)
  4 basilisks
  A human zombie (Depths:1)
  11 vampire mosquitoes
  2 steam dragons
  19 wargs
  2 redbacks (Lair:5)
  14 swamp worms
  18 water moccasins
  6 acid dragons
  A hell hound (Volcano)
  3 ice beasts
  7 swamp drakes
  3 sky beasts (D:7)
  2 black bears
  62 orc warriors
  A hornet zombie (D:9)
  11 wolves
  15 ogres
  3 boggarts (D:15)
  9 centaurs
  2 lemures (D:7)
  2 phantoms
  13 bullfrogs
  A necrophage (Swamp:1)
  5 kobold brigands
  15 gnoll sergeants
  6 scorpions
  5 wights
  13 killer bees
  2 electric eels
  8 howler monkeys
  4 crimson imps (D:7)
  A centaur zombie (D:9)
  7 hounds
  27 orc priests
  3 jellies
  3 sleepcaps
  10 gnoll boudas
  Jessica (D:2)
  Terence (D:3)
  32 orc wizards
  7 iguanas
  35 gnolls
  7 adders
  2 shadow imps (D:7)
  3 white imps
  2 worms
  8 dart slugs
  133 orcs
  4 endoplasms
  2 giant cockroaches
  6 goblins
  6 hobgoblins
  5 jackals
  15 kobolds
  2 quokkas
  6 ball pythons
  5 bats
  2 frilled lizards (D:2)
  6 rats
1020 creatures vanquished.

Vanquished Creatures (others)
  A dancing weapon (D:3)
  A swamp drake (Swamp:1)
  An orc warrior (Orc:1)
  18 foxfires
  48 fulminant prisms
69 creatures vanquished.

Grand Total: 1089 creatures vanquished

Notes
Turn   | Place    | Note
-------+----------+-------------------------------------------
     0 | D:1      | bjtr the Vine Stalker Enchanter began the quest for the
                  | Orb.
     0 | D:1      | Reached XP level 1. HP: 9/9 MP: 4/4
   161 | D:1      | Reached XP level 2. HP: 13/13 MP: 6/6
   318 | D:1      | Reached skill level 1 in Short Blades
   423 | D:1      | Reached XP level 3. HP: 16/16 MP: 7/7
   655 | D:2      | Learned a level 3 spell: Confusing Touch
   659 | D:2      | Learned a level 3 spell: Tukima's Dance
   853 | D:2      | Found Jaschut's Weapon Emporium.
   959 | D:2      | Identified the +5 chain mail of the Ancient Seers {Regen+
                  | rCorr Str+2}
   986 | D:2      | Noticed Jessica
  1003 | D:2      | Killed Jessica
  1004 | D:2      | Reached skill level 1 in Conjurations
  1004 | D:2      | Reached XP level 4. HP: 20/21 MP: 5/8
  1173 | D:2      | Reached skill level 5 in Stealth
  1432 | D:3      | Found a faded altar of an unknown god.
  1485 | D:3      | Noticed a phantom
  1543 | D:3      | Killed a phantom
  1544 | D:3      | Reached XP level 5. HP: 24/25 MP: 6/9
  1701 | D:3      | Noticed Terence
  1736 | D:3      | Killed Terence
  2059 | D:3      | Upgraded the game from 0.31-a0-795-g5eb97db20b to
                  | 0.31-a0-799-g6bc09d010c
  2120 | D:4      | Reached skill level 1 in Armour
  2160 | D:4      | Reached XP level 6. HP: 23/29 MP: 8/10
  2211 | D:4      | Reached skill level 1 in Fighting
  3072 | D:4      | Identified the +1 pair of gloves of Honour {Str+3}
  3188 | D:4      | Reached XP level 7. HP: 18/33 MP: 5/12
  3191 | D:4      | Learned a level 1 spell: Sandblast
  3195 | D:4      | Learned a level 3 spell: Stone Arrow
  3257 | D:5      | Entered Level 5 of the Dungeon
  3488 | D:5      | Reached skill level 3 in Spellcasting
  3837 | D:5      | Found a sparkling altar of Nemelex Xobeh.
  3979 | D:5      | Gained mutation: You have razor-sharp teeth. [Vine Stalker
                  | growth]
  3979 | D:5      | Reached XP level 8. HP: 36/37 MP: 14/14
  4032 | D:5      | Found a staircase to the Ecumenical Temple.
  4040 | Temple   | Entered the Ecumenical Temple
  4178 | D:6      | Upgraded the game from 0.31-a0-799-g6bc09d010c to
                  | 0.31-a0-806-g0bc164a743
  4347 | D:6      | Reached skill level 4 in Spellcasting
  4508 | D:6      | Reached skill level 1 in Shields
  4585 | D:6      | Found a snail-covered altar of Cheibriados.
  4880 | D:6      | Reached skill level 5 in Spellcasting
  4899 | D:6      | Identified the +1 leather armour "Guyl" {Str+2 Dex+3}
  5043 | D:6      | Reached XP level 9. HP: 34/43 MP: 10/18
  5530 | D:7      | Reached skill level 6 in Spellcasting
  5731 | D:7      | Found a broken altar of Ashenzari.
  5898 | D:7      | Reached skill level 7 in Spellcasting
  6077 | D:7      | Upgraded the game from 0.31-a0-806-g0bc164a743 to
                  | 0.31-a0-810-ga77100ea1a
  6296 | D:7      | Reached skill level 5 in Conjurations
  6358 | D:7      | Found a shimmering altar of Xom.
  6379 | D:7      | Reached skill level 5 in Hexes
  6415 | D:7      | Reached XP level 10. HP: 49/49 MP: 22/22
  6831 | D:7      | Noticed Pikel
  6894 | D:7      | Killed Pikel
  6895 | D:7      | Reached skill level 8 in Spellcasting
  7378 | D:8      | Noticed a death yak
  7379 | D:8      | Found a staircase to the Lair.
  7415 | D:8      | Killed a death yak
  7761 | D:8      | Reached skill level 9 in Spellcasting
  7782 | D:8      | Identified the +3 war axe of the Grand God {heavy, Drain
                  | Int+5}
  7907 | D:8      | Found Poik Xie's Armour Emporium.
  8168 | D:8      | Found a blossoming altar of Fedhas.
  9279 | D:9      | Learned a level 3 spell: Dazzling Flash
  9319 | D:9      | Paralysed by a hornet for 1 turns
  9325 | D:9      | Paralysed by a hornet for 2 turns
  9661 | D:9      | Reached XP level 11. HP: 53/53 MP: 25/25
  9989 | D:9      | Found a runed translucent gate.
  9989 | D:9      | Found a runed translucent gate.
  9989 | D:9      | Found a runed translucent gate.
  9989 | D:9      | Noticed Age's ghost (novice MiFi)
  9991 | D:9      | Found a basalt altar of Yredelemnul.
 10020 | D:9      | Found a radiant altar of Vehumet.
 10028 | D:9      | Became a worshipper of Vehumet
 10193 | D:9      | Found a shadowy altar of Dithmenos.
 10318 | D:10     | Entered Level 10 of the Dungeon
 10319 | D:10     | Found a staircase to the Orcish Mines.
 10343 | D:10     | Learned a level 2 spell: Passwall
 10358 | D:10     | Learned a level 4 spell: Fulminant Prism
 10523 | D:10     | Found a flagged portal.
 10542 | Bailey   | Entered a bailey
 10874 | Bailey   | Reached * piety under Vehumet
 10874 | Bailey   | Offered knowledge of Freeze by Vehumet.
 11207 | Bailey   | Identified the +2 robe of Oblivion {-Tele Harm rF++ rC+}
 11278 | D:10     | Noticed Fannar
 11300 | D:10     | Killed Fannar
 11301 | D:10     | Reached skill level 10 in Spellcasting
 11750 | D:10     | Offered knowledge of Shock by Vehumet.
 11756 | D:10     | Reached ** piety under Vehumet
 11757 | D:10     | Reached skill level 5 in Shields
 12217 | D:10     | Upgraded the game from 0.31-a0-810-ga77100ea1a to
                  | 0.31-a0-818-ge7c7cf74f0
 12235 | D:10     | Noticed a two-headed ogre
 12264 | D:9      | Killed a two-headed ogre
 12475 | D:10     | Offered knowledge of Ignite Poison by Vehumet.
 12480 | D:10     | Learned a level 3 spell: Ignite Poison
 12508 | D:10     | Reached XP level 12. HP: 58/58 MP: 22/27
 12618 | D:10     | Reached *** piety under Vehumet
 12706 | D:10     | Noticed a five-headed hydra
 12833 | D:10     | Killed a five-headed hydra
 12927 | D:10     | Noticed a two-headed ogre
 13403 | D:10     | Reached skill level 10 in Stealth
 13608 | D:11     | Noticed a two-headed ogre
 13642 | D:11     | Noticed Lodul
 13651 | D:11     | Offered knowledge of Sticky Flame by Vehumet.
 13658 | D:11     | Killed Lodul
 13659 | D:11     | Noticed a boulder beetle
 13670 | D:11     | Killed a boulder beetle
 13675 | D:11     | Killed a two-headed ogre
 13676 | D:11     | Reached skill level 11 in Spellcasting
 14305 | D:11     | Identified the +3 dagger of Wyoc {heavy, Str+2}
 14430 | D:11     | Noticed a boulder beetle
 14446 | D:11     | Killed a boulder beetle
 14757 | D:12     | Noticed a boulder beetle
 14788 | D:12     | Found a glowing golden altar of the Shining One.
 14995 | D:12     | Noticed a two-headed ogre
 15016 | D:12     | Killed a two-headed ogre
 15016 | D:12     | Reached **** piety under Vehumet
 15027 | D:12     | Reached XP level 13. HP: 44/63 MP: 29/29
 15349 | D:12     | Offered knowledge of Irradiate by Vehumet.
 15356 | D:12     | Learned a level 5 spell: Irradiate
 16858 | D:13     | Noticed a vault guard
 16862 | D:13     | Noticed a vault guard
 17056 | D:13     | Found Cuomno's CLEARANCE SALE!.
 17066 | D:13     | Bought a scroll of poison for 24 gold pieces
 17066 | D:13     | Bought a scroll of identify for 12 gold pieces
 17157 | D:13     | Noticed a vault guard
 17171 | D:13     | Noticed a vault guard
 17195 | D:13     | Killed a vault guard
 17196 | D:13     | Reached skill level 5 in Armour
 17323 | D:13     | Noticed a vault guard
 17344 | D:13     | Killed a vault guard
 17368 | D:13     | Noticed a vault guard
 17372 | D:13     | Noticed a vault guard
 17373 | D:13     | Noticed a vault guard
 17512 | D:13     | Killed a vault guard
 17519 | D:13     | Killed a vault guard
 17528 | D:13     | Killed a vault guard
 17529 | D:13     | Reached skill level 1 in Earth Magic
 17575 | D:13     | Killed a vault guard
 17852 | D:13     | Killed a vault guard
 17853 | D:13     | Reached skill level 12 in Spellcasting
 18020 | D:13     | Killed a vault guard
 18029 | D:13     | Found a gate to the Vaults.
 18093 | D:13     | Found a runed translucent gate.
 18093 | D:13     | Found a runed translucent gate.
 18093 | D:13     | Found a runed translucent gate.
 18094 | D:13     | Identified the +8 plate armour "Regew" {-Cast rC+++ Regen+
                  | rCorr}
 18096 | D:13     | Noticed Pooter's ghost (adept MiBe)
 18096 | D:13     | Identified the amulet of Wuniwkuy {Reflect Int+5 SH+5}
 18415 | D:14     | Noticed a fire dragon
 18439 | D:14     | Killed a fire dragon
 18452 | D:14     | Found a radiant altar of Vehumet.
 18737 | D:14     | Reached XP level 14. HP: 60/67 MP: 31/31
 19202 | D:15     | Entered Level 15 of the Dungeon
 19498 | D:15     | Found Ownitius's Book Shoppe.
 19500 | D:15     | Reached ***** piety under Vehumet
 19548 | D:15     | Offered knowledge of Freezing Cloud by Vehumet.
 20110 | D:15     | Reached skill level 10 in Conjurations
 20404 | D:15     | Found Ade Ysch's Tremendous Tomes.
 20552 | D:15     | Found a staircase to the Depths.
 20616 | D:15     | Found an ornate altar of the Wu Jian Council.
 20960 | Lair:1   | Entered Level 1 of the Lair of Beasts
 21005 | Lair:1   | Learned a level 5 spell: Freezing Cloud
 21642 | Lair:2   | Found a dark tunnel.
 21658 | Volcano  | Entered a volcano
 22025 | Lair:2   | Identified the +2 falchion of Bialus {spect, rElec rC+}
 22034 | Lair:2   | Noticed Urug
 22040 | Lair:2   | Killed Urug
 22440 | Lair:2   | Found a hole to the Spider Nest.
 22852 | Lair:3   | Reached skill level 10 in Shields
 22899 | Lair:3   | Reached skill level 5 in Short Blades
 22899 | Lair:3   | Reached skill level 13 in Spellcasting
 22899 | Lair:3   | Reached XP level 15. HP: 70/70 MP: 31/33
 23022 | Lair:3   | Reached XP level 16. HP: 57/70 MP: 34/34
 23039 | Lair:3   | Found a staircase to the Swamp.
 23203 | Lair:3   | Found a runed translucent door.
 23218 | Lair:3   | You fall into a shaft and drop 2 floors!
 23218 | Lair:5   | Entered Level 5 of the Lair of Beasts
 23219 | Lair:5   | Noticed Snorg
 23235 | Lair:5   | Killed Snorg
 23412 | Lair:5   | Upgraded the game from 0.31-a0-818-ge7c7cf74f0 to
                  | 0.31-a0-819-gf6de2f5ab6
 23597 | Lair:5   | Paralysed by a hornet for 3 turns
 23611 | Lair:5   | Paralysed by a hornet for 1 turns
 23845 | Lair:5   | Offered knowledge of Spellforged Servitor by Vehumet.
 23858 | Lair:5   | Learned a level 7 spell: Spellforged Servitor
 25229 | Lair:4   | Identified the ring of Migeskusk {rF+ MP+9 AC+4}
 25296 | Lair:4   | Noticed Josephine
 25303 | Lair:4   | Killed Josephine
 25402 | Lair:4   | Found a viscous altar of Jiyva.
 25403 | Lair:4   | Found a staircase to the Slime Pits.
 25625 | Lair:4   | Offered knowledge of Bombard by Vehumet.
 25997 | Lair:4   | Identified the +6 quarterstaff of Nunusm {speed, Will++
                  | Str+5}
 26638 | Lair:3   | Reached XP level 17. HP: 78/79 MP: 35/35
 27283 | D:9      | Killed Age's ghost
 27542 | D:13     | Killed Pooter's ghost
 27691 | D:13     | Identified the -1 cloak of Duty {rF+}
 28051 | Orc:1    | Entered Level 1 of the Orcish Mines
 28087 | D:10     | Learned a level 4 spell: Flame Wave
 28194 | Orc:2    | Entered Level 2 of the Orcish Mines
 28319 | Orc:1    | Noticed Jorgrun
 28322 | Orc:1    | Offered knowledge of Arcjolt by Vehumet.
 28441 | Orc:2    | Killed Jorgrun
 28465 | Orc:1    | Reached skill level 10 in Armour
 28468 | Orc:1    | Reached skill level 10 in Short Blades
 28468 | Orc:1    | Reached ****** piety under Vehumet
 29187 | Orc:2    | Found a staircase to the Elven Halls.
 29460 | Orc:2    | Offered knowledge of Iskenderun's Battlesphere by Vehumet.
 29613 | Orc:2    | Gained mutation: Your magical capacity is low. (-10% MP) [a
                  | neqoxec]
 29614 | Orc:2    | Gained mutation: Your body sometimes deteriorates upon
                  | taking damage. [a neqoxec]
 29615 | Orc:2    | Gained mutation: You are vulnerable to heat. (rF-) [a
                  | neqoxec]
 29616 | Orc:2    | Gained mutation: Your magical capacity is very low. (-20%
                  | MP) [a neqoxec]
 29665 | Orc:2    | Found Haijoabb's Jewellery Emporium.
 29665 | Orc:2    | Found Orudoyti's Magic Scroll Boutique.
 29680 | Orc:2    | Bought a scroll of revelation for 120 gold pieces
 29680 | Orc:2    | Bought a scroll of enchant armour for 120 gold pieces
 29680 | Orc:2    | Bought a scroll of blinking for 120 gold pieces
 29793 | Orc:2    | Found Cozycw's Magic Scroll Emporium.
 29793 | Orc:2    | Found Xaqioch's Antique Weapon Boutique.
 29801 | Orc:2    | Bought a scroll of enchant weapon for 97 gold pieces
 29801 | Orc:2    | Bought a scroll of enchant weapon for 97 gold pieces
 29801 | Orc:2    | Bought a scroll of enchant weapon for 97 gold pieces
 29811 | Orc:2    | Bought a quick blade for 585 gold pieces
 29811 | Orc:2    | Bought an ancient hand axe for 312 gold pieces
 29811 | Orc:2    | Identified the +5 hand axe of Friendship {venom, +Blink
                  | rPois} (You bought it in a shop on level 2 of the Orcish
                  | Mines)
 30606 | Depths:1 | Entered Level 1 of the Depths
 30876 | Depths:1 | Found a runed translucent door.
 30939 | Depths:1 | Offered knowledge of Ozocubu's Refrigeration by Vehumet.
 30966 | Depths:1 | Found a gateway to Hell.
 31651 | Depths:1 | Noticed a titan
 31941 | Lair:4   | Lost mutation: You are vulnerable to heat. (rF-) [potion of
                  | mutation]
 31941 | Lair:4   | Lost mutation: Your magical capacity is very low. (-20% MP)
                  | [potion of mutation]
 31941 | Lair:4   | Lost mutation: Your body sometimes deteriorates upon taking
                  | damage. [potion of mutation]
 31941 | Lair:4   | Gained mutation: You are robust. (+10% HP) [potion of
                  | mutation]
 31941 | Lair:4   | Gained mutation: You have hidden genetic potential. [potion
                  | of mutation]
 31941 | Lair:4   | Gained mutation: Your spells are a little harder to cast,
                  | but a little more powerful. [potion of mutation]
 32360 | Swamp:1  | Entered Level 1 of the Swamp
 32649 | Swamp:1  | Reached XP level 18. HP: 31/92 MP: 18/33
 32668 | Swamp:1  | Reached skill level 5 in Fighting
 32935 | Swamp:1  | Found a runed translucent door.
 32940 | Swamp:1  | Found a shimmering altar of Xom.
 32940 | Swamp:1  | Noticed Kurtz's ghost (adept OpFi)
 33321 | Swamp:1  | Killed Kurtz's ghost
 33854 | Swamp:2  | Offered knowledge of Orb of Destruction by Vehumet.
 34134 | Swamp:2  | Upgraded the game from 0.31-a0-819-gf6de2f5ab6 to
                  | 0.31-a0-836-g3ceb0a68c4
 34571 | Swamp:3  | Paralysed by a hornet for 3 turns
 34592 | Swamp:3  | Reached skill level 14 in Spellcasting
 34937 | Swamp:3  | Identified the amulet "Zyatatt" {Acrobat Rampage Will+
                  | Stlth+}
 35031 | Swamp:4  | Entered Level 4 of the Swamp
 35236 | Swamp:4  | Gained mutation: Your muscles are strong. (Str +4, Int/Dex
                  | -1) [hidden potential]
 35245 | Swamp:4  | Noticed the 27-headed Lernaean hydra
 35465 | Swamp:4  | HP: 2/95 [the 27-headed Lernaean hydra (3)]
 35465 | Swamp:4  | Slain by the 27-headed Lernaean hydra

Illustrated notes

Levels and vault maps discovered:
D:1:      ebering_trefoil_twist, layout_basic
D:2:      layout_loops_cross, serial_shops, nicolae_shop_crystal,
          grunt_decor_one_mirror, st_stairs_9, uniq_jessica
D:3:      layout_loops_cross, shapermc_ecumenical_altar_venn,
          ebering_dispersal_statue_hall, roderic_cross_of_infinity,
          minmay_stone_trees_small, uniq_terence
D:4:      layout_cave_pods, chequers_arboretum
D:5:      layout_basic, kennysheep_mini_moat, minmay_temple_entry_fiery,
          minmay_door_square, kennysheep_generic_room_14
D:6:      layout_basic, old_standard_altar, minmay_diced_spiral
D:7:      cheibrodos_fzero, layout_basic, led_xom_imps,
          nicolae_ashenzari_skybound, hangedman_abyss_or_decor_jellyfish_corner,
          uniq_pikel
D:8:      layout_layer_cave, mainiacjoe_overflow_24_doors, david_lair_generic,
          serial_shops, nicolae_shop_trees, hangedman_decor_points
D:9:      layout_roguey, mainiacjoe_overflow_chevrons,
          nicolae_dithmenos_through_a_glass_darkly,
          nicolae_yredelemnul_ghost_church
D:10:     lemuel_castle_with_subvaults [lemuel_castle_interior_original],
          layout_stronghold, erik_orc_1, enter_bailey_3, uniq_fannar
D:11:     layout_basic, uniq_lodul
D:12:     layout_cave_pools, fungi_pond_lemuel, tso_metal_star
D:13:     layout_basic, erik_vaults_2, biasface_ghost_orc_armoury,
          nicolae_shop_clearance
D:14:     layout_roguey, vehumet_crystals
D:15:     grunt_enter_depths_hoard, layout_long_grid,
          hangedman_abyss_or_decor_stabs, serial_shops, shop,
          nicolae_shop_i_like_big_books, minmay_fountain_box, eino_curves_04,
          nzn_wu_jian_council_hall
Temple:   eino_temple_water
Lair:1:   layout_gridlike, minivault_11, serial_bayou_shore_b
Lair:2:   layout_chaotic_city, hellmonk_spider_entry_life_and_decay,
          enter_volcano_1, st_stairs_5, uniq_urug
Lair:3:   gammafunk_mikee_crab_dinner, layout_gridlike,
          nicolae_swamp_entry_spooky
Lair:4:   layout_gridlike, minmay_slime_entry_pillars, lemuel_fruit_tree,
          grunt_megastairs_1, uniq_josephine
Lair:5:   hangedman_lair_tendril_chambers, layout_regular_city,
          guppyfry_lair_end_dragon, uniq_snorg
Swamp:1:  layout_basic_swamp, ebering_ghost_xom, serial_swamp_ruin,
          evilmike_swamp_ruin_house_2, evilmike_swamp_ruin_rubble_2,
          evilmike_swamp_ruin_house_1, nicolae_swamp_fairy_circle
Swamp:2:  layout_basic_swamp, nicolae_swamp_big_swirl, nicolae_swamp_snake_nest
Swamp:3:  layout_basic_swamp, evilmike_swamp_ruin_wall, swamp_pool3,
          infiniplex_staircase_pool_2
Swamp:4:  swamp_old_school, layout_basic_swamp, infiniplex_staircase_pool
Orc:1:    layout_caves, special_room [special_room_orc], uniq_jorgrun
Orc:2:    st_orc_town, layout_caves, mines2_david
Depths:1: layout_basic, patterned_corridor, hell_entry, lightli_giant_bouncers,
          roderic_lattice_octagonal_star, serial_bayou_shore_b

Skill      XL: |  1  2  3  4  5  6  7  8  9 10 11 12 13 14 15 16 17 18 |
---------------+-------------------------------------------------------+-----
Stealth        | 4 5 6 7 8 9 10 | 10.8
Short Blades   | 1 2 3 5 9 11 12 | 12.0
Conjurations   | 1 2 3 4 5 6 7 8 9 11 12 13 | 13.5
Dodging        | 2 3 4 |  4.0
Armour         | 1 2 3 4 6 8 9 10 11 | 11.2
Fighting       | 1 2 3 4 6 |  6.6
Spellcasting   | 3 5 7 9 10 11 12 13 14 | 14.1
Shields        | 1 3 4 6 7 8 10 12 13 | 13.7
Hexes          | 4 5 6 7 8 9 |  9.4
Earth Magic    | 1 2 |  2.5
Fire Magic     | |  0.2

Action                     |  1- 3 |  4- 6 |  7- 9 | 10-12 | 13-15 | 16-18 || total
---------------------------+-------+-------+-------+-------+-------+-------++-------
  Melee: Dagger            |   101 |   197 |   217 |       |       |       ||   515
         Bite              |    16 |    55 |   176 |   345 |   520 |  1276 ||  2388
         Punch             |     1 |     1 |     6 |       |       |       ||     8
         Short sword       |       |       |   228 |   867 |   871 |       ||  1966
         Quick blade       |       |       |       |       |   189 |  2747 ||  2936
  Throw: Dart              |       |       |       |     7 |    11 |       ||    18
   Cast: Tukima's Dance    |       |     1 |     5 |     1 |       |       ||     7
         Sandblast         |       |       |    28 |    13 |       |       ||    41
         Confusing Touch   |       |       |    21 |    88 |    71 |    41 ||   221
         Stone Arrow       |       |       |     6 |    30 |    32 |    47 ||   115
         Fulminant Prism   |       |       |       |    17 |    10 |    21 ||    48
         Dazzling Flash    |       |       |       |     3 |       |     1 ||     4
         Passwall          |       |       |       |     2 |       |     2 ||     4
         Irradiate         |       |       |       |       |     2 |     1 ||     3
         Ignite Poison     |       |       |       |       |       |     3 ||     3
         Flame Wave        |       |       |       |       |       |    27 ||    27
  Evoke: Wand              |       |     3 |     1 |       |     4 |       ||     8
    Use: Scroll            |       |     9 |    12 |    12 |    14 |    14 ||    61
         Potion            |       |       |     1 |     2 |     3 |     8 ||    14
   Stab: Sleeping          |    14 |    10 |    10 |    13 |    13 |    11 ||    71
         Distracted        |       |     1 |     2 |     4 |       |     2 ||     9
         Confused          |       |       |     7 |    36 |    67 |    37 ||   147
         Invisible         |       |       |       |     1 |       |     1 ||     2
 Armour: Robe              |    34 |    85 |   131 |       |       |       ||   250
         Chain mail        |    12 |     2 |       |   108 |   555 |  1250 ||  1927
         Leather armour    |       |       |    60 |   377 |    18 |       ||   455
  Dodge: Dodged            |    52 |   129 |   372 |   771 |   484 |   687 ||  2495
  Block: Buckler           |       |       |    59 |   149 |       |       ||   208
         Kite shield       |       |       |       |   265 |   498 |  1245 ||  2008
         Reflection        |       |       |       |       |       |    27 ||    27

Table legend: (Time is in decaauts)
 A = Elapsed time spent in this place.
 B = Non-inter-level travel time spent in this place.
 C = Inter-level travel time spent in this place.
 D = Time resting spent in this place.
 E = Time spent auto-exploring this place.
 F = Levels seen in this place.
 G = Mean time per level.
                   A        B        C        D        E       F      G
               +--------+--------+--------+--------+--------+-----+--------+
         Total |  35277 |  31013 |   4264 |   5478 |  15189 |  30 | 1175.9 |
       Dungeon |  21671 |  18177 |   3494 |   3331 |   8789 |  15 | 1444.7 |
        Temple |    135 |    119 |     16 |      0 |      0 |   1 |  135.0 |
          Lair |   6291 |   5750 |    541 |    846 |   3083 |   5 | 1258.2 |
         Swamp |   3018 |   2970 |     48 |    604 |   1547 |   4 |  754.5 |
  Orcish Mines |   2137 |   2017 |    120 |    467 |    880 |   2 | 1068.5 |
        Depths |   1053 |   1008 |     45 |     37 |    691 |   1 | 1053.0 |
        Bailey |    695 |    695 |      0 |    192 |    116 |   1 |  695.0 |
       Volcano |    274 |    274 |      0 |      0 |     81 |   1 |  274.0 |
               +--------+--------+--------+--------+--------+-----+--------+

Top non-repeatable levels by time:
    D:10: 2548 daAuts
     D:7: 2191 daAuts
     D:8: 1977 daAuts
  Lair:5: 1913 daAuts
    D:12: 1854 daAuts
  Lair:3: 1578 daAuts
    D:11: 1496 daAuts
    D:13: 1484 daAuts
     D:9: 1472 daAuts
   Orc:2: 1331 daAuts
    D:15: 1318 daAuts
     D:5: 1306 daAuts
     D:4: 1282 daAuts
     D:6: 1279 daAuts
    D:14: 1221 daAuts
